 Dungeon Crawl Stone Soup version 0.31.0-11-ge490571c62 (webtiles) character file.

Game seed: 14463927822918535841

6340 qw the Skirmisher (level 10, 0/63 HPs)
             Began as a Deep Elf Hunter on Feb 5, 2024.
             Slain by a boulder beetle (12 damage)
             ... on level 9 of the Dungeon.
             The game lasted 00:02:25 (6380 turns).

qw the Skirmisher (Deep Elf Hunter)                 Turns: 6380, Time: 00:02:26

Health: 0/63       AC: 14    Str: 12    XL:     10   Next: 64%
Magic:  0/12       EV: 16    Int: 15    God:
Gold:   552        SH:  0    Dex: 18    Spells: 9/9 levels left

rFire   . . .        a - +5 shortbow (heavy)
rCold   . . .        (shield currently unavailable)
rNeg    . . .        e - +2 ring mail {rPois}
rPois   +            (no helmet)
rElec   .            f - +2 cloak
rCorr   .            i - +1 pair of gloves
SInv    .            d - +0 pair of boots
Will    +....        j - amulet of guardian spirit
Stlth   +            (no ring)
HPRegen 0.30/turn    (no ring)
MPRegen 0.13/turn

%: guardian spirit
@: about to teleport
A: screaming 1
a: no special abilities


You were on level 9 of the Dungeon.
You visited 2 branches of the dungeon, and saw 10 of its levels.

You collected 552 gold pieces.


Innate Abilities, Weirdness & Mutations

You occasionally shout uncontrollably at your foes.


   Skills:
 - Level 7.5 Fighting
 - Level 14.0 Ranged Weapons
 + Level 3.4 Armour
 - Level 10.0 Dodging
 - Level 1.2 Stealth


You had 9 spell levels left.
You didn't know any spells.
Your spell library was empty.

Inventory:

Hand Weapons
 a - a +5 heavy shortbow (weapon)
Armour
 d - a +0 pair of boots (worn)
 e - a +2 ring mail of poison resistance (worn)
 f - a +2 cloak (worn)
 i - a +1 pair of gloves (worn)
 t - the +4 leather armour "Neziepp" {Rampage rC+++ Int-4}
   (You found it on level 7 of the Dungeon)

   Int-4:     It affects your intelligence (-4).
   rC+++:     It renders you almost immune to cold.
   Rampage:   It bestows one free step when moving towards enemies.
Jewellery
 j - an amulet of guardian spirit (around neck)
Wands
 u - a wand of polymorph (10)
Scrolls
 s - a scroll of brand weapon
Potions
 b - 2 potions of might
 g - 3 potions of mutation
 n - a potion of magic {unknown}
 o - a potion of resistance {unknown}
 p - a potion of curing
 r - a potion of heal wounds {unknown}

Dungeon Overview and Level Annotations

Branches:
Dungeon (9/15)             Temple (1/1) D:6
   Lair: D:8-11         Orc: D:9-12

Altars:
Ashenzari
Cheibriados
Dithmenos
Elyvilon
Fedhas
Gozag
Hepliaklqana
Kikubaaqudgha
Makhleb
Nemelex Xobeh
Qazlal
Ru
Sif Muna
Trog
Uskayaw
Vehumet
Wu Jian
Xom
Yredelemnul
Zin
The Shining One

Shops:
D:6 (

Annotations:
D:4 3 runed translucent doors, qw's ghost, amateur DEHu
D:6 1 runed translucent door, qw's ghost, novice DEHu


Message History

You shoot an arrow. The arrow hits the yak!
You kill the yak!
The boulder beetle leaps!
You shoot an arrow.
The arrow completely misses the boulder beetle.
You shoot an arrow.
The arrow barely misses the boulder beetle.
You shoot an arrow. The arrow hits the boulder beetle!!
The boulder beetle is heavily wounded.
The boulder beetle curls into a ball and begins rolling!
You shoot an arrow. The arrow hits the boulder beetle!
The boulder beetle is severely wounded.
The boulder beetle hits you.
The boulder beetle stops rolling and uncurls.
You shoot an arrow.
The arrow hits the boulder beetle but does no damage.
The boulder beetle is severely wounded.
The boulder beetle misses you.
You shoot an arrow. The arrow hits the boulder beetle.
The boulder beetle is severely wounded.
The boulder beetle bites you but does no damage.
You shoot an arrow. The arrow hits the boulder beetle!
The boulder beetle is severely wounded.
The boulder beetle bites you but does no damage.
You shoot an arrow.
The arrow hits the boulder beetle but does no damage.
The boulder beetle is severely wounded.
The boulder beetle bites you!!
You shoot an arrow. The arrow hits the boulder beetle!
The boulder beetle is almost dead.
The boulder beetle closely misses you.
You shoot an arrow.
The arrow hits the boulder beetle but does no damage.
The boulder beetle is almost dead.
The boulder beetle leaps!
The boulder beetle bites you!
6380 ||| READING scroll of teleportation.
As you read the scroll of teleportation, it crumbles to dust.
You feel strangely unstable. The boulder beetle bites you!
You die...

.. . .#. #.# .# #). ###...
..### .###..)###.... ....###
)#¤D.####..#.# #####.....###
.¤¤###..#..#.# ...#.......#
)####..#..#..# #.#........
#.).#..#..#..# #.'........
.###..#..#...#.###.#........
...####..#...#.B@0)#.......#
##...####[...#######.....###
.#.....###.........)...###
.........###......./.###
#..##.>... #.........# ..##
##.## ##.......## ### ..
#.......# # . ##.....##
#.....#


You could see a boulder beetle.

Vanquished Creatures
  A centaur warrior (D:9)
  Pikel (D:8)
  A manticore (D:9)
  A meliai (D:9)
  Maggie (D:7)
  A freezing wraith (D:9)
  Prince Ribbit (D:8)
  A hornet (D:8)
  A wraith (D:9)
  A yak (D:9)
  A steam dragon (D:9)
  A water moccasin (D:7)
  2 orc warriors
  2 ice beasts
  2 sky beasts
  3 black bears
  2 ogres
  A centaur (D:9)
  2 lemures (D:8)
  3 kobold brigands
  7 bullfrogs
  4 scorpions
  A killer bee (D:9)
  A bombardier beetle (D:5)
  2 howler monkeys
  A jelly (D:7)
  5 hounds
  4 orc priests
  3 gnoll boudas
  A sleepcap (D:5)
  3 iguanas
  5 orc wizards
  Robin (D:2)
  16 gnolls
  12 adders
  3 dart slugs
  3 ribbon worms
  28 orcs
  6 endoplasms
  8 giant cockroaches
  14 goblins
  13 hobgoblins
  4 jackals (D:2)
  30 kobolds
  6 quokkas
  8 bats
  9 frilled lizards
  2 rats (D:3)
229 creatures vanquished.

Vanquished Creatures (others)
  A hobgoblin (D:1)
  A kobold (D:1)
2 creatures vanquished.

Grand Total: 231 creatures vanquished

Notes
Turn   | Place    | Note
-------+----------+-------------------------------------------
     0 | D:1      | qw the Deep Elf Hunter began the quest for the Orb.
     0 | D:1      | Reached XP level 1. HP: 12/12 MP: 3/3
     0 | D:1      | 0 ||| qw: Version: 0.3-a-160-g6735b56
     0 | D:1      | 0 ||| qw: Game counter: 6281
     0 | D:1      | 0 ||| qw: Melee chars always use a shield: true
     0 | D:1      | 0 ||| qw: God list: Okawaru
     0 | D:1      | 0 ||| qw: Allow faded altars: false
     0 | D:1      | 0 ||| qw: Do Orc after clearing Dungeon:15 true
     0 | D:1      | 0 ||| qw: Do second Lair branch before Depths: true
     0 | D:1      | 0 ||| qw: Lair rune preference: random
     0 | D:1      | 0 ||| qw: Goals: Normal
     0 | D:1      | 0 ||| PLANNING D:1-11
   174 | D:1      | Reached skill level 6 in Ranged Weapons
   174 | D:1      | Reached XP level 2. HP: 16/16 MP: 4/4
   629 | D:1      | 629 ||| UPGRADING to +0 pair of boots.
   634 | D:1      | 634 ||| UPGRADING to +0 scale mail.
   644 | D:1      | 644 ||| DROPPING +0 leather armour.
   645 | D:1      | 645 ||| UPGRADING to +0 ring mail.
   655 | D:1      | 655 ||| DROPPING +0 scale mail.
   656 | D:1      | 656 ||| DROPPING ring of magical power.
   657 | D:1      | 657 ||| READING scroll labelled EXTUNI PAM KETS.
   657 | D:1      | 657 ||| ENCHANTING +0 shortbow.
   658 | D:1      | 658 ||| READING scroll labelled SIBYSAD GANGEJ.
   759 | D:1      | 759 ||| READING 3 scrolls labelled UCOETT HUORGH.
   760 | D:1      | 760 ||| READING scroll labelled TIRYMP PAROD.
   761 | D:1      | 761 ||| DROPPING scroll of butterflies.
   762 | D:1      | 762 ||| DROPPING 2 scrolls of fear.
   849 | D:2      | Reached XP level 3. HP: 20/20 MP: 5/5
   912 | D:2      | 912 ||| READING scroll of enchant weapon.
   912 | D:2      | 912 ||| ENCHANTING +1 shortbow.
   957 | D:2      | Reached skill level 7 in Ranged Weapons
   965 | D:2      | HP: 5/20 [jackal (3)]
   968 | D:2      | HP: 2/20 [jackal (1)]
  1117 | D:2      | Reached XP level 4. HP: 22/25 MP: 6/6
  1343 | D:2      | Reached skill level 8 in Ranged Weapons
  1570 | D:2      | 1570 ||| UPGRADING to +1 cloak.
  1575 | D:2      | 1575 ||| UPGRADING to +0 pair of gloves.
  1580 | D:2      | 1580 ||| READING 3 scrolls labelled EROLOTHREAVU.
  1581 | D:2      | 1581 ||| READING 2 scrolls labelled HOSAIN USSU.
  1582 | D:2      | 1582 ||| DRINKING 2 bubbling red potions.
  1582 | D:2      | Gained mutation: You occasionally shout uncontrollably at
                  | your foes. [potion of mutation]
  1583 | D:2      | 1583 ||| DROPPING 2 scrolls of revelation.
  1584 | D:2      | 1584 ||| DROPPING scroll of amnesia.
  1624 | D:3      | Noticed Robin
  1624 | D:3      | Noticed a sky beast
  1625 | D:3      | 1625 ||| STAIRDANCE
  1638 | D:2      | Killed a sky beast
  1639 | D:2      | Reached XP level 5. HP: 29/29 MP: 7/7
  1641 | D:3      | 1641 ||| STAIRDANCE
  1646 | D:2      | HP: 6/29 [hobgoblin[Robin] (5)]
  1752 | D:3      | 1752 ||| STAIRDANCE
  1763 | D:3      | 1763 ||| STAIRDANCE
  1778 | D:3      | 1778 ||| STAIRDANCE
  1827 | D:3      | 1827 ||| STAIRDANCE
  1833 | D:2      | Killed Robin
  1842 | D:3      | 1842 ||| STAIRDANCE
  1849 | D:2      | HP: 6/29 [kobold/+0 dagger (3)]
  1945 | D:3      | 1945 ||| STAIRDANCE
  2019 | D:3      | Reached XP level 6. HP: 34/34 MP: 8/8
  2094 | D:3      | Found a faded altar of an unknown god.
  2121 | D:3      | Found a basalt altar of Yredelemnul.
  2155 | D:3      | Found a hazy altar of Hepliaklqana.
  2343 | D:3      | 2343 ||| UPGRADING to amulet of guardian spirit.
  2348 | D:3      | 2348 ||| READING scroll labelled RIVIAZORR LITUD.
  2348 | D:3      | 2348 ||| BRANDING +2 shortbow.
  2349 | D:3      | 2349 ||| READING 2 scrolls labelled CUASOA JOHARR.
  2455 | D:4      | Found a radiant altar of Vehumet.
  2458 | D:4      | Noticed an orc warrior
  2466 | D:4      | Killed an orc warrior
  2467 | D:4      | Reached skill level 9 in Ranged Weapons
  2569 | D:4      | Found a runed translucent gate.
  2569 | D:4      | Found a runed translucent gate.
  2569 | D:4      | Found a runed translucent gate.
  2570 | D:4      | Noticed qw's ghost (amateur DEHu)
  2681 | D:4      | Reached XP level 7. HP: 40/40 MP: 9/9
  2741 | D:4      | Reached skill level 10 in Ranged Weapons
  2744 | D:4      | 2744 ||| FLEEEEING.
  2745 | D:4      | 2745 ||| FLEEEEING.
  2746 | D:4      | 2746 ||| FLEEEEING.
  2747 | D:4      | 2747 ||| FLEEEEING.
  2748 | D:4      | 2748 ||| FLEEEEING.
  2749 | D:4      | 2749 ||| FLEEEEING.
  2750 | D:4      | 2750 ||| FLEEEEING.
  2751 | D:4      | 2751 ||| FLEEEEING.
  2752 | D:4      | 2752 ||| FLEEEEING.
  2789 | D:4      | Reached skill level 3 in Dodging
  2868 | D:4      | 2868 ||| READING scroll of enchant weapon.
  2868 | D:4      | 2868 ||| ENCHANTING +2 shortbow of chaos.
  3042 | D:4      | Found a bloodstained altar of Trog.
  3297 | D:4      | 3297 ||| READING scroll labelled ZUERYQAVETAETH.
  3298 | D:4      | 3298 ||| DRINKING 3 blue potions.
  3353 | D:5      | Entered Level 5 of the Dungeon
  3416 | D:5      | 3416 ||| ZAPPING wand of paralysis (7) at 0,6 (orc wizard;
                  | floor).
  3462 | D:5      | Reached skill level 11 in Ranged Weapons
  3520 | D:5      | Reached XP level 8. HP: 45/45 MP: 10/10
  3609 | D:5      | Reached skill level 12 in Ranged Weapons
  3667 | D:5      | Reached skill level 3 in Fighting
  3996 | D:5      | 3996 ||| READING scroll labelled PEWKUO SADGHUU.
  3996 | D:5      | 3996 ||| IDENTIFYING inky potion
  3997 | D:5      | 3997 ||| DROPPING potion of attraction.
  4013 | D:6      | Found Fowewopp's Antique Weapon Shop.
  4141 | D:6      | Found a staircase to the Ecumenical Temple.
  4142 | D:6      | 4142 ||| PLANNING TEMPLE
  4143 | D:6      | 4143 ||| READING scroll labelled IKKAUSM CITRUNTIY.
  4143 | D:6      | 4143 ||| ENCHANTING +0 pair of gloves.
  4149 | D:6      | Reached skill level 13 in Ranged Weapons
  4154 | Temple   | Entered the Ecumenical Temple
  4155 | Temple   | 4155 ||| PLANNING D:1-11
  4200 | D:6      | 4200 ||| READING scroll of enchant weapon.
  4200 | D:6      | 4200 ||| ENCHANTING +3 shortbow of chaos.
  4250 | D:6      | 4250 ||| READING scroll of brand weapon.
  4250 | D:6      | 4250 ||| BRANDING +4 shortbow of chaos.
  4256 | D:6      | Found a hide-covered altar of Uskayaw.
  4302 | D:6      | Found a runed translucent door.
  4307 | D:6      | Noticed qw's ghost (novice DEHu)
  4341 | D:6      | Reached skill level 14 in Ranged Weapons
  4470 | D:6      | Found a faded altar of an unknown god.
  4470 | D:6      | Found a broken altar of Ashenzari.
  4481 | D:6      | Found a faded altar of an unknown god.
  4483 | D:6      | Found a stormy altar of Qazlal.
  4485 | D:6      | Found an ornate altar of the Wu Jian Council.
  4639 | D:6      | 4639 ||| READING scroll labelled JUEQAT ARICORGH.
  4640 | D:6      | 4640 ||| DRINKING 2 yellow potions.
  4680 | D:7      | Reached XP level 9. HP: 50/50 MP: 11/11
  4778 | D:7      | Noticed Maggie
  4779 | D:7      | 4779 ||| ZAPPING wand of paralysis (6) at 0,6 (Maggie;
                  | floor).
  4780 | D:7      | 4780 ||| ZAPPING wand of paralysis (5) at 0,5 (Maggie;
                  | floor).
  4785 | D:7      | Killed Maggie
  4911 | D:7      | Reached skill level 6 in Dodging
  4967 | D:7      | Found a white marble altar of Elyvilon.
  4967 | D:7      | Found a glowing golden altar of the Shining One.
  4967 | D:7      | Found a glowing silver altar of Zin.
  5036 | D:7      | Identified the +4 leather armour "Neziepp" {Rampage rC+++
                  | Int-4}
  5374 | D:7      | 5374 ||| UPGRADING to +4 leather armour "Neziepp" {Rampage
                  | rC+++ Int-4}.
  5384 | D:7      | 5384 ||| DROPPING +0 ring mail.
  5385 | D:7      | 5385 ||| READING scroll of identify.
  5385 | D:7      | 5385 ||| IDENTIFYING viscous red potion
  5386 | D:7      | 5386 ||| DROPPING potion of berserk rage.
  5684 | D:8      | Noticed Prince Ribbit
  5690 | D:8      | Killed Prince Ribbit
  5744 | D:8      | Noticed Pikel
  5745 | D:8      | 5745 ||| RETREEEEATING.
  5746 | D:8      | 5746 ||| RETREEEEATING.
  5756 | D:8      | 5756 ||| ZAPPING wand of paralysis (4) at 1,0 (Pikel;
                  | floor).
  5759 | D:8      | Killed Pikel
  5760 | D:8      | Reached skill level 9 in Dodging
  5760 | D:8      | Reached XP level 10. HP: 59/59 MP: 12/12
  5820 | D:8      | 5820 ||| READING scroll of enchant weapon.
  5820 | D:8      | 5820 ||| ENCHANTING +4 heavy shortbow.
  6015 | D:8      | 6015 ||| UPGRADING to +2 ring mail of poison resistance.
  6025 | D:8      | 6025 ||| UPGRADING to +2 cloak.
  6035 | D:8      | 6035 ||| DROPPING +1 cloak.
  6036 | D:8      | 6036 ||| READING scroll of identify.
  6036 | D:8      | 6036 ||| IDENTIFYING fuming pink potion
  6037 | D:8      | 6037 ||| DRINKING 2 smoky dark potions.
  6038 | D:8      | 6038 ||| DROPPING potion of brilliance.
  6057 | D:9      | 6057 ||| STAIRDANCE
  6080 | D:9      | 6080 ||| STAIRDANCE
  6085 | D:9      | 6085 ||| STAIRDANCE
  6129 | D:9      | 6129 ||| Stepping ~*~*~tactically~*~*~ (cloud).
  6134 | D:9      | Reached skill level 3 in Armour
  6189 | D:9      | Noticed a meliai
  6189 | D:9      | Noticed a manticore
  6190 | D:9      | 6190 ||| DRINKING potion of haste.
  6196 | D:9      | Killed a meliai
  6197 | D:9      | Reached skill level 6 in Fighting
  6201 | D:9      | Killed a manticore
  6333 | D:9      | 6333 ||| ZAPPING wand of paralysis (3) at -3,1 (freezing
                  | wraith; floor).
  6333 | D:9      | Noticed a boulder beetle
  6339 | D:9      | 6339 ||| ZAPPING wand of paralysis (2) at -3,1 (boulder
                  | beetle; floor).
  6340 | D:9      | 6340 ||| ZAPPING wand of paralysis (1) at -2,1 (boulder
                  | beetle; floor).
  6340 | D:9      | Noticed a centaur warrior
  6341 | D:9      | 6341 ||| RETREEEEATING.
  6345 | D:9      | 6345 ||| RETREEEEATING.
  6346 | D:9      | 6346 ||| RETREEEEATING.
  6352 | D:9      | Killed a centaur warrior
  6379 | D:9      | HP: 12/63 [boulder beetle (12)]
  6380 | D:9      | 6380 ||| READING scroll of teleportation.
  6380 | D:9      | Slain by a boulder beetle

Levels and vault maps discovered:
D:1:      minmay_arrival_glassed_features, layout_loops_ring,
          kennysheep_small_spiral, st_stairs_13, lemuel_flame_loot_1
D:2:      layout_loops_cross
D:3:      layout_rooms, mainiacjoe_overflow_two_lobes,
          ebering_ecumenical_altar_abandoned, uniq_robin
D:4:      minmay_opposing_rooms, layout_basic, trog_hazing_becter,
          overflow_temple_1_default, ebering_ghost_rock_garden
D:5:      layout_loops_ring
D:6:      layout_cave_pools, chequers_temple_overflow_minitemple,
          nicolae_uskayaw_murder_on_the_dancefloor,
          minmay_temple_entry_mini_moons, ebering_ghost_reflecting_pool,
          serial_shops, nicolae_shop_stone, minmay_unpleasant_kobolds
D:7:      layout_loops_ring, good_gods_mini_temple, uniq_maggie
D:8:      layout_basic, uniq_pikel, uniq_prince_ribbit1
D:9:      minmay_the_grid_four_pointed_star_mashed
          [minmay_the_grid_triangle_9x9_odd_lines,
          minmay_the_grid_triangle_9x9_empty,
          minmay_the_grid_triangle_9x9_empty,
          minmay_the_grid_triangle_9x9_sparse_checkered,
          minmay_the_grid_prize_shrinking_boxes], layout_rooms,
          dpeg_oklobed_lair, david_defended_altar_orc, uniq_harold, uniq_erolcha
Temple:   nicolae_temple_bog_church

Skill      XL: |  1  2  3  4  5  6  7  8  9 10 |
---------------+-------------------------------+-----
Ranged Weapons | 6 7 8 9 11 14 | 14.0
Armour         | 2 3 |  3.4
Fighting       | 2 3 5 7 |  7.5
Dodging        | 3 5 9 10 | 10.0
Stealth        | |  1.2

Action                     |  1- 3 |  4- 6 |  7- 9 | 10-12 || total
---------------------------+-------+-------+-------+-------++-------
   Fire: Shortbow          |   111 |   145 |   290 |   113 ||   659
  Evoke: Wand              |       |       |     4 |     3 ||     7
    Use: Scroll            |     5 |     4 |     8 |     3 ||    20
         Potion            |       |     1 |     2 |     2 ||     5
 Armour: Leather armour    |    10 |       |     6 |     1 ||    17
         Ring mail         |    63 |    81 |    35 |    52 ||   231
  Dodge: Dodged            |    79 |    87 |    41 |    55 ||   262

Table legend:
 A = Non-vault XP
 B = Vault XP
 C = Vault XP percentage of total XP
 D = Non-vault monster count
 E = Vault monster count
 F = Vault count percentage of total count
                 A         B        C        D         E       F
            +---------+---------+-------+---------+---------+-------
      Total |    4571 |    4487 |  49.5 |     183 |      45 |  19.7
            +---------+---------+-------+---------+---------+-------
        D:1 |      34 |       0 |   0.0 |      20 |       0 |   0.0
        D:2 |     303 |      35 |  10.4 |      35 |      11 |  23.9
        D:3 |      25 |       0 |   0.0 |      15 |       0 |   0.0
        D:4 |     499 |     210 |  29.6 |      19 |      16 |  45.7
        D:5 |     664 |       0 |   0.0 |      25 |       0 |   0.0
        D:6 |     862 |     103 |  10.7 |      15 |       6 |  28.6
        D:7 |     863 |     370 |  30.0 |      18 |       1 |   5.3
        D:8 |     976 |     950 |  49.3 |      23 |       2 |   8.0
        D:9 |     345 |    2819 |  89.1 |      13 |       9 |  40.9
            +---------+---------+-------+---------+---------+-------
